 Dungeon Crawl Stone Soup version 0.22.1-1-ga44c0e5 (webtiles) character file.

371 Tarasboulda the Caller (level 6, -2/32 HPs)
             Began as a Deep Elf Summoner on Sept 25, 2018.
             Slain by a gnoll sergeant
             ... wielding a +0 spear
              (10 damage)
             ... on level 5 of the Dungeon.
             The game lasted 00:20:17 (5041 turns).

Tarasboulda the Caller (Deep Elf Summoner)          Turns: 5041, Time: 00:20:18

Health: -2/32      AC:  2    Str:  5    XL:     6   Next: 42%
Magic:  3/16       EV: 13    Int: 22    God:
Gold:   156        SH:  0    Dex: 15    Spells: 7/16 levels left

rFire    . . .     SeeInvis .   (no weapon)
rCold    . . .     Gourm    .   (no shield)
rNeg     . . .     Faith    .   a - +0 robe
rPois    .         Spirit   .   (no helmet)
rElec    .         Reflect  .   (no cloak)
rCorr    .         Harm     .   (no gloves)
MR       .....                  (no boots)
Stlth    ++........             (no amulet)
HPRegen  0.10/turn              (no ring)
MPRegen  0.15/turn              (no ring)

@: no status effects
A: no striking features
a: no special abilities


You were on level 5 of the Dungeon.
You were not hungry.

You visited 1 branch of the dungeon, and saw 5 of its levels.

You collected 156 gold pieces.

Inventory:

Armour
 a - a +0 robe (worn)
Jewellery
 n - an uncursed ring of magical power {unknown}
Wands
 l - a wand of paralysis (11)
Scrolls
 e - 4 scrolls of remove curse
 i - a scroll of enchant armour {unknown}
 j - 3 scrolls of teleportation
 o - a scroll of identify
Potions
 b - 2 potions of flight {unknown}
 d - 3 potions of agility {unknown}
 f - 2 potions of lignification
 g - a potion of ambrosia
 h - a potion of might {unknown}
 k - a potion of curing {unknown}
 m - a potion of resistance {unknown}
 p - 2 potions of brilliance {unknown}
 q - a potion of invisibility {unknown}
Comestibles
 c - 10 rations
 r - a chunk of flesh


   Skills:
 - Level 0.1 Fighting
 - Level 2.4 Dodging
 - Level 2.4 Stealth
 + Level 5.7 Spellcasting
 * Level 7.4 Summonings


You had 7 spell levels left.
You knew the following spells:

 Your Spells              Type           Power        Failure   Level  Hunger
a - Summon Small Mammal   Summ           ####         1%          1    None
b - Call Imp              Summ           #####...     1%          2    None
c - Call Canine Familiar  Summ           #####...     1%          3    ##.....
d - Summon Guardian Gole  Hex/Summ       ###.....     6%          3    ##.....

Your spell library contained the following spells:

 Spells                   Type           Power        Failure   Level  Hunger
 Summon Ice Beast         Ice/Summ       ###.....     21%         4    ####...
 Summon Lightning Spire   Summ/Air       ###.....     21%         4    ####...


Dungeon Overview and Level Annotations

Branches:
Dungeon (5/15)
 Temple: D:4-7

Altars:
Ashenzari
Gozag
Ru
Wu Jian
The Shining One

Shops:
D:4 *


Message History

A beastly little devil appears in a puff of frigid air.
Your shadow imp disappears in a puff of smoke!
The gnoll sergeant closely misses you. The gnoll hits you with a club.
* * * LOW HITPOINT WARNING * * *
The gnoll barely misses your hound.
Your hound bites the gnoll sergeant but does no damage.
Your crimson imp hits the gnoll.
Your crimson imp blinks!
The gnoll barely misses your crimson imp.
Your hound completely misses the gnoll sergeant.
The gnoll hits your crimson imp with a club.
The gnoll barely misses your hound.
Your crimson imp hits the gnoll.
Your crimson imp disappears in a puff of smoke!
The gnoll misses your crimson imp.
The gnoll closely misses your white imp.
Your white imp gestures at the gnoll.
The puff of frost hits the gnoll.
Your crimson imp hits the gnoll.
Your hound bites the gnoll sergeant.
The gnoll sergeant hits you from afar with a spear!
You die...

.. # #. ### .# #.
..## #..#
#.##..##§...
##...........# ..
###....@...§....
...#.....5.........
...#.....gg......>.
.........h.........
...................
#......gg5.........
...#...<.g(.....(..
.#....(...........
#...........#.....#


You could see a gnoll sergeant, 4 gnolls, a friendly hound, a friendly crimson
imp and a friendly white imp.

Vanquished Creatures
  A giant cockroach (D:1)
  A kobold (D:1)
  A rat (D:1)
3 creatures vanquished.

Vanquished Creatures (collateral kills)
  An ice beast (D:4)
  An ogre (D:4)
  A centaur (D:5)
  A scorpion (D:4)
  A howler monkey (D:4)
  A hound (D:4)
  An orc priest (D:3)
  4 orc wizards (D:3)
  A hound skeleton (D:4)
  Robin (D:2)
  6 adders
  An ooze (D:4)
  A worm (D:2)
  A dart slug (D:4)
  3 leopard geckos
  11 orcs
  A ball python (D:1)
  2 giant cockroaches
  15 goblins
  10 hobgoblins
  16 jackals
  10 kobolds
  2 quokkas (D:4)
  8 bats
  6 rats
106 creatures vanquished.

Vanquished Creatures (others)
  A goblin (D:2)
1 creature vanquished.

Grand Total: 110 creatures vanquished

Notes
Turn   | Place    | Note
-------+----------+-------------------------------------------
     0 | D:1      | Tarasboulda the Deep Elf Summoner began the quest for the
                  | Orb.
     0 | D:1      | Reached XP level 1. HP: 10/10 MP: 6/6
   391 | D:1      | Reached XP level 2. HP: 15/15 MP: 5/8
   395 | D:1      | Learned a level 2 spell: Call Imp
   969 | D:1      | Reached skill level 5 in Summonings
  1518 | D:2      | Reached XP level 3. HP: 19/19 MP: 5/10
  1523 | D:2      | Learned a level 3 spell: Call Canine Familiar
  1527 | D:2      | Learned a level 3 spell: Summon Guardian Golem
  2103 | D:2      | Found a glowing golden altar of the Shining One.
  2199 | D:2      | Noticed Robin
  2246 | D:2      | Killed Robin
  2469 | D:2      | Reached XP level 4. HP: 23/24 MP: 6/12
  2659 | D:3      | Reached skill level 6 in Summonings
  3331 | D:3      | Reached XP level 5. HP: 28/28 MP: 10/14
  3796 | D:4      | Found a sacrificial altar of Ru.
  3859 | D:4      | Noticed an ogre
  3871 | D:4      | Killed an ogre
  3871 | D:4      | Reached skill level 5 in Spellcasting
  3878 | D:4      | Found an ornate altar of the Wu Jian Council.
  3878 | D:4      | Found a shattered altar of Ashenzari.
  3879 | D:4      | Found a sacrificial altar of Ru.
  4002 | D:4      | Found an opulent altar of Gozag.
  4003 | D:4      | Found Gozag's Platinum Reserve.
  4072 | D:4      | Reached skill level 7 in Summonings
  4437 | D:4      | Reached XP level 6. HP: 32/32 MP: 14/16
  4696 | D:4      | Noticed an ice beast
  4727 | D:4      | Killed an ice beast
  4856 | D:5      | Entered Level 5 of the Dungeon
  5041 | D:5      | Slain by a gnoll sergeant

Skill      XL: |  1  2  3  4  5 |
---------------+----------------+-----
Summonings     | 5 6 7 |  7.4
Spellcasting   | 4 5 |  5.7
Fighting       | |  0.1
Dodging        | |  2.4
Stealth        | |  2.4

Action                   |  1- 3 |  4- 6 || total
-------------------------+-------+-------++-------
Melee: Unarmed           |    17 |     2 ||    19
 Cast: Summon Small Mamm |    33 |     5 ||    38
       Call Imp          |    31 |    21 ||    52
       Call Canine Famil |     8 |    20 ||    28
  Use: Scroll            |       |     6 ||     6
  Eat: Chunk             |     6 |     9 ||    15
Armor: Robe              |    30 |     8 ||    38
Dodge: Dodged            |   113 |    47 ||   160
